Map: Cerulean Fall LE

Players

Smileblind - Winner!

  • Race: Protoss Protoss
  • League: Silver
  • Spawn Location: 7:00

Thor

  • Race: Terran Terran
  • League: Silver
  • Spawn Location: 1:00

VOD

Have the link to the VOD?

Description

Time

  • Played on: Jan. 16, 2019, 6:21 a.m.
  • Length: 8:29
Show
View Real Time Build Order
Export as new Build Order

Smileblind Protoss - Winner!

Build Orders: Cannon Rush 

Get SALT Encoding   

  12  0:04  Probe  
  13  0:18  Probe, Pylon  
  14  0:26  Probe  
  14  0:34  Probe  
  16  0:43  Forge  
  16  0:45  Probe  
  17  0:57  Probe  
  17  0:59  Pylon  
  18  1:11  Pylon  
  18  1:22  Pylon  
  18  1:33  Pylon  
  18  1:48  Photon Cannon  
  18  1:49  Photon Cannon  
  18  1:51  Pylon  
  18  1:58  Photon Cannon  
  18  2:09  Pylon  
  18  2:22  Photon Cannon  
  18  2:30  Gateway  
  18  2:40  Photon Cannon  
  18  2:51  Pylon  
  18  3:00  Photon Cannon  
  18  3:04  Pylon  
  18  3:16  Pylon  
  18  3:30  Zealot  
  20  3:37  Probe  
  20  3:39  Cybernetics Core  
  21  3:51  Assimilator  
  21  3:57  Photon Cannon, Zealot  
  23  4:14  Pylon  
  23  4:29  Zealot  
  25  4:41  Assimilator  
  25  4:49  Pylon  
  25  4:50  Pylon  
  25  4:56  Zealot  
  27  5:55  Stalker  
  25  5:57  Pylon  
  25  6:05  Pylon  
  25  6:17  Gateway  
  25  6:21  Photon Cannon  
  25  6:25  Stalker  
  26  6:47  Warp Gate  
  26  6:52  Stalker  
  26  7:15  Stalker  
  24  7:21  Gateway  
  26  7:23  Probe  
  27  7:35  Probe  
  30  7:38  Stalker  
  30  7:45  Stalker  
  30  7:47  Probe  
  33  8:00  Probe  
Show
View Real Time Build Order
Export as new Build Order

Thor Terran 

Build Orders:  

Get SALT Encoding   

  12  0:02  SCV  
  13  0:14  SCV  
  14  0:25  Supply Depot  
  14  0:27  SCV  
  15  0:46  SCV  
  16  0:52  Supply Depot  
  16  0:57  Barracks  
  16  2:11  Refinery  
  16  2:16  Marine  
  17  2:34  Marine  
  16  3:24  Supply Depot  
  16  3:46  SCV, Supply Depot  
  17  3:58  SCV  
  17  4:00  Refinery  
  18  4:10  SCV  
  19  4:22  SCV  
  20  4:34  Barracks Reactor  
  20  4:45  Engineering Bay  
  20  5:16  Marine  
  20  5:17  Marine  
  21  5:34  Marine x2  
  17  5:52  Marine x2  
  16  6:10  Marine x2  
  14  6:47  Marine x2  
  12  7:04  Marine  
  12  7:05  Marine  
  12  7:22  Marine  
Tags
 
Add a new tag
Caveats
  • Supply blocks, unpowered buildings, or Contaminate may cause inaccurate times.
  • Supply counts are checked every 10 seconds.